AoeStats
← 恆浪蕩

Nomad

509133930Analyzed
4v4 RM · 6d ago on Sep 25, 2026· 26m 20s· 8 players
Game mode
Random Map
Map size
231×231
Population
200
Speed
Normal
Resources
Standard
Victory
Conquest
Starting age
Dark Age
Ending age
Imperial Age
RankedLock teamsTeams togetherTeam positionsShared explorationLock speedFull tech treeHidden civsTurbo modeCheats
Victory
Defeat
🇻🇳 Franks · Vietnam
1745
+13
1742
+13
🇨🇳 Ethiopians · China
1721
+14
🇨🇳 Persians · China
1614
+19
🇹🇼 Vietnamese · Taiwan
1719
-16
🇹🇷 Berbers · Türkiye
1697
-16
🇦🇷 Ethiopians · Argentina
1683
-15
🇹🇼 Wu · Taiwan
1617
-12
Socartes
12:06 Feudal Age
13:18 Feudal Age
11:35 Loom
17:29 Castle Age
19:15 Fletching
20:22 Bodkin Arrow
22:18 Town Watch
23:11 Padded Archer Armor
26:54 Ballistics
默默默默默
4:46 Loom
13:54 Feudal Age
14:33 Town Watch
17:30 Castle Age
16:27 Fishing Lines
17:08 Double-Bit Axe
恆浪蕩
3:29 Loom
12:39 Feudal Age
18:04 Castle Age
25:17 Double-Bit Axe
27:00 Wheelbarrow
PAI
4:50 Loom
12:29 Feudal Age
13:02 Double-Bit Axe
21:35 Castle Age
19:52 Horse Collar
20:03 Gold Mining
22:45 Bow Saw
22:30 Stone Mining
22:43 Heavy Plow
23:21 Scale Barding Armor
23:22 Light Cavalry
24:13 Bloodlines
26:12 Chain Barding Armor
月月
4:59 Loom
6:13 Loom
14:27 Feudal Age
14:53 Double-Bit Axe
18:46 Castle Age
16:47 Fishing Lines
18:55 Town Watch
19:36 Bow Saw
19:33 Gillnets
20:55 Wheelbarrow
22:29 Hand Cart
22:20 Gold Mining
23:33 Horse Collar
24:19 Scale Barding Armor
26:34 Forging
26:39 Bloodlines
81danchoi
8:34 Loom
12:15 Feudal Age
16:33 Castle Age
15:38 Double-Bit Axe
16:39 Town Watch
25:18 Bow Saw
26:26 Sanctity
trói em vào cột điện
13:03 Feudal Age
16:34 Castle Age
14:51 Double-Bit Axe
15:48 Fletching
17:42 Bodkin Arrow
18:50 Loom
20:36 Fishing Lines
25:20 Ballistics
胖子事情多
5:07 Loom
12:14 Feudal Age
12:44 Town Watch
17:39 Fishing Lines
19:11 Fletching
20:36 Double-Bit Axe
24:02 Castle Age
22:08 Fletching
24:23 Crossbowman
25:07 Bodkin Arrow
25:20 Thumb Ring
27:20 Wheelbarrow
Connection lost

Rejoining the realm…

Still unreachable

The connection could not be restored.

Session expired

The server has moved on; the page needs a fresh start.